Map: Goldenaura LE

Players

Dew

  • Race: Protoss Protoss
  • League: Platinum
  • Spawn Location: 5:00

SubN - Winner!

  • Race: Zerg Zerg
  • League: Diamond
  • Spawn Location: 12:00

VOD

Have the link to the VOD?

Description

Time

  • Played on: Dec. 25, 2023, 3:15 a.m.
  • Length: 10:48
Show
View Real Time Build Order
Export as new Build Order

Dew Protoss 

Build Orders: 1 Gate Expand 

Get SALT Encoding   

  12  0:00  Probe  
  13  0:12  Probe  
  14  0:20  Pylon  
  14  0:24  Probe  
  15  0:38  Probe (Chrono Boost)  
  15  0:40  Gateway  
  16  0:53  Probe (Chrono Boost)  
  16  0:54  Assimilator  
  17  1:07  Probe (Chrono Boost)  
  18  1:14  Probe (Chrono Boost)  
  19  1:21  Probe  
  20  1:33  Cybernetics Core  
  20  1:36  Probe  
  21  1:44  Nexus  
  21  1:53  Assimilator  
  21  2:02  Pylon  
  21  2:04  Probe  
  22  2:16  Probe  
  22  2:17  Stalker (Chrono Boost)  
  25  2:32  Probe  
  26  2:44  Probe  
  26  2:45  Warp Gate  
  29  2:54  Pylon  
  29  2:56  Probe  
  29  3:16  Pylon  
  29  3:24  Adept (Chrono Boost)  
  28  3:33  Pylon  
  27  3:36  Pylon  
  26  3:52  Stargate  
  26  4:05  Probe  
  27  4:10  Stalker (Chrono Boost)  
  27  4:14  Gateway  
  29  4:17  Gateway  
  29  4:25  Shield Battery  
  29  4:30  Probe  
  30  4:34  Probe  
  35  4:40  Void Ray (Chrono Boost)  
  35  4:43  Probe  
  36  4:47  Probe  
  36  4:48  Adept  
  39  4:55  Probe  
  40  5:01  Probe  
  41  5:07  Probe  
  41  5:13  Probe  
  43  5:19  Void Ray (Chrono Boost)  
  47  5:21  Adept  
  47  5:22  Stalker  
  47  5:24  Adept  
  53  5:29  Probe x2  
  53  5:30  Gateway  
  55  5:39  Robotics Facility  
  55  5:41  Probe x2  
  57  5:50  Pylon  
  57  5:53  Probe x2  
  59  5:59  Assimilator  
  59  6:03  Assimilator  
  59  6:05  Probe  
  59  6:06  Probe  
  61  6:13  Twilight Council  
  61  6:16  Pylon  
  65  6:26  Probe  
  65  6:27  Probe  
  65  6:31  Void Ray  
  67  6:41  Probe  
  67  6:42  Probe  
  69  6:51  Observer (Chrono Boost)  
  70  6:54  Charge, Nexus  
  70  6:59  Zealot x2  
  70  7:00  Zealot x2  
  78  7:05  Pylon  
  78  7:12  Pylon  
  78  7:23  Probe x2  
  78  7:24  Templar Archives  
  78  7:27  Gateway  
  78  7:28  Gateway  
  78  7:29  Pylon  
  80  7:51  Pylon  
  79  8:07  High Templar  
  79  8:08  High Templar x3  
  87  8:13  Archon  
  87  8:14  Archon  
  87  8:17  Psionic Storm  
  87  8:23  High Templar  
  87  8:24  High Templar  
  91  8:29  Probe x3  
  91  8:34  Assimilator  
  94  8:36  Assimilator  
  94  8:41  Probe x3, Void Ray (Chrono Boost)  
  99  8:45  Zealot x3  
  99  8:46  Zealot  
  109  8:53  Probe x3  
  112  8:59  High Templar x2  
  116  9:03  Archon  
  116  9:05  Zealot  
  116  9:06  Zealot x3  
  124  9:13  Pylon  
  124  9:15  Pylon  
  124  9:19  Pylon  
  124  9:30  Warp Prism (Chrono Boost)  
  96  10:05  High Templar x3  
  96  10:06  High Templar x2  
  96  10:08  Zealot  
  98  10:17  Archon x2  
  62  10:40  Zealot x3  
  62  10:42  Zealot  
Show
View Real Time Build Order
Export as new Build Order

SubN Zerg - Winner!

Build Orders: Hatch First 

Get SALT Encoding   

  12  0:00  Drone  
  13  0:08  Drone  
  14  0:16  Overlord  
  14  0:25  Drone, Extractor  
  15  0:34  Drone  
  16  0:36  Drone  
  17  0:43  Drone  
  18  0:56  Hatchery  
  17  1:08  Extractor  
  16  1:12  Spawning Pool  
  16  1:14  Drone  
  16  1:18  Drone  
  17  1:21  Drone  
  18  1:26  Drone  
  19  1:39  Drone  
  20  1:48  Overlord  
  20  2:03  Queen  
  20  2:07  Queen  
  24  2:09  Metabolic Boost  
  24  2:14  Zergling x2  
  24  2:15  Zergling x2  
  26  2:21  Zergling x2  
  26  2:22  Zergling x2  
  28  2:27  Drone  
  29  2:31  Drone x2  
  31  2:49  Queen  
  33  2:52  Hatchery  
  33  2:57  Overlord  
  31  3:21  Zergling x8  
  32  4:02  Drone x4  
  35  4:08  Drone x3  
  38  4:13  Queen  
  38  4:15  Overlord x3  
  40  4:25  Drone  
  40  4:27  Overlord  
  41  4:40  Drone x6  
  41  4:41  Drone  
  48  4:53  Drone x7  
  55  5:05  Roach Warren  
  54  5:07  Evolution Chamber  
  54  5:09  Evolution Chamber  
  52  5:16  Drone x4  
  52  5:20  Extractor, Queen  
  52  5:21  Extractor x2  
  55  5:33  Queen  
  61  5:42  Drone x4  
  61  5:43  Drone x3  
  64  5:52  Zerg Missile Weapons Level 1  
  64  5:57  Overlord  
  64  5:58  Overlord x4  
  64  6:13  Overlord x2  
  64  6:15  Queen  
  64  6:16  Zerg Ground Armor Level 1  
  66  6:20  Roach  
  66  6:21  Roach x5  
  78  6:32  Drone x2  
  80  6:33  Drone  
  80  6:35  Drone x6  
  80  6:36  Drone x3  
  90  6:40  Lair  
  90  6:49  Overlord  
  90  6:58  Roach x9  
  108  7:03  Ravager  
  109  7:14  Drone  
  110  7:17  Extractor  
  110  7:18  Extractor  
  110  7:19  Drone x2  
  110  7:20  Drone  
  110  7:22  Drone x2  
  113  7:29  Overlord x2  
  113  7:34  Ravager x4  
  117  7:40  Overseer  
  117  7:41  Hatchery  
  117  7:43  Overseer  
  116  7:46  Roach  
  116  7:47  Roach  
  120  8:08  Zerg Missile Weapons Level 2  
  120  8:12  Zerg Melee Weapons Level 1, Spore Crawler  
  119  8:14  Spore Crawler  
  119  8:15  Drone  
  119  8:20  Zergling x2  
  119  8:21  Zergling x14  
  119  8:24  Ravager  
  119  8:25  Ravager x3  
  131  8:27  Baneling Nest, Ravager  
  131  8:42  Pneumatized Carapace  
  131  8:48  Overlord, Extractor  
  130  8:50  Overlord, Extractor  
  130  8:51  Overlord  
  129  8:56  Overseer  
  129  8:59  Ravager  
  129  9:00  Ravager x4  
  129  9:02  Zergling x2  
  135  9:03  Zergling x32  
  151  9:11  Centrifugal Hooks  
  151  9:18  Queen  
  151  9:20  Drone x3  
  151  9:21  Drone x2  
  151  9:22  Drone  
  151  9:23  Drone x4  
  163  9:36  Baneling x10  
  163  9:37  Baneling x10  
  162  9:45  Zergling x2  
  163  9:46  Zergling x8  
  140  10:06  Zergling x2  
  136  10:07  Zergling x18  
Tags
 
Add a new tag
Caveats
  • Supply blocks, unpowered buildings, or Contaminate may cause inaccurate times.
  • Supply counts are checked every 10 seconds.